 Dungeon Crawl Stone Soup version 0.29-a0-472-ge5599a681e (webtiles) character file.

Game seed: 12963689313225034302

571 siradein the Skirmisher (level 7, -4/55 HPs)
             Began as a Vampire Fighter on May 23, 2022.
             Slain by Eustachio
             ... wielding a +0 falchion
              (6 damage)
             ... on level 5 of the Dungeon.
             The game lasted 00:10:28 (3281 turns).

siradein the Skirmisher (Vampire Fighter)           Turns: 3281, Time: 00:10:29

Health: -4/55      AC: 13    Str: 15    XL:     7   Next: 11%
Magic:  7/7        EV:  0    Int: 13    God:
Gold:   253        SH: 10    Dex: 13    Spells: 6/6 levels left

rFire   + . .      SeeInvis +   a - +0 long sword
rCold   + . .      Faith    .   c - +0 buckler
rNeg    . . .      Spirit   .   F - +0 gold dragon scales
rPois   +          Reflect  +   (no helmet)
rElec   .          Harm     .   (no cloak)
rCorr   .          Rampage  .   (no gloves)
Will    +....                   (no boots)
Stlth   ..........              E - amulet of reflection
HPRegen 0.38/turn               q - ring of willpower
MPRegen 0.10/turn               (no ring)

@: healing quickly
A: alive, fangs 3, see invisible, vampiric 2
a: Exsanguinate


You were on level 5 of the Dungeon.
You visited 1 branch of the dungeon, and saw 5 of its levels.

You collected 253 gold pieces.

Inventory:

Hand Weapons
 a - a +0 long sword (weapon)
Missiles
 i - 14 poisoned darts (quivered)
Armour
 c - a +0 buckler (worn)
 p - a +0 ring mail
 F - +0 gold dragon scales (worn)
Jewellery
 q - a ring of willpower (left hand)
 C - an amulet of faith
 E - an amulet of reflection (around neck)
Scrolls
 e - a scroll of silence {unknown}
 f - 2 scrolls of blinking {unknown}
 g - 3 scrolls of teleportation {unknown}
 h - a scroll of brand weapon {unknown}
 n - 2 scrolls of enchant weapon {unknown}
 r - a scroll of fog {unknown}
 t - a scroll of magic mapping {unknown}
 u - a scroll of fear {unknown}
 w - a scroll of vulnerability {unknown}
 y - 2 scrolls of enchant armour {unknown}
 A - 2 scrolls of identify
Potions
 b - 6 potions of curing
 d - a potion of might
 j - 2 potions of haste
 k - a potion of lignification
 l - a potion of brilliance {unknown}
 m - a potion of attraction {unknown}
 o - 2 potions of berserk rage
 s - a potion of resistance {unknown}
 v - 2 potions of heal wounds {unknown}
 x - a potion of mutation {unknown}
 z - a potion of invisibility {unknown}
 B - a potion of cancellation {unknown}
 D - a potion of degeneration {unknown}


   Skills:
 + Level 4.3 Fighting
 + Level 4.1 Long Blades
 + Level 2.6 Armour
 + Level 3.8 Dodging
 + Level 4.3 Shields


You had 6 spell levels left.
You didn't know any spells.
Your spell library contained the following spells:

 Spells                   Type           Power      Damage    Failure   Level
 Foxfire                  Conj/Fire      0%         2x1d4     100%        1
 Conjure Flame            Conj/Fire      0%         6-21      100%        3
 Inner Flame              Hex/Fire       0%         N/A       100%        3
 Flame Wave               Conj/Fire      0%         2d4       100%        4


Dungeon Overview and Level Annotations

Branches:
Dungeon (5/15)
 Temple: D:4-7

Altars:
Cheibriados

Shops:
D:3 =

Annotations:
D:5 Eustachio


Innate Abilities, Weirdness & Mutations

Your natural rate of healing is accelerated.
You have razor-sharp teeth.
You have supernaturally acute eyesight. (SInv)
You are afflicted with vampirism and can become a bat while bloodless.


Message History

You block the quokka's attack.
You hit Eustachio. Your bite misses Eustachio.
Eustachio is heavily wounded.
The ufetubus hits you but does no damage. x2
Eustachio hits you with a +0 falchion. You block the quokka's attack.
The ufetubus hits you.
* * * LOW HITPOINT WARNING * * *
You block the ufetubus's attack. Eustachio hits you with a +0 falchion.
* * * LOW HITPOINT WARNING * * *
Unknown command.
Unknown command.
You miss Eustachio.
Eustachio is heavily wounded.
You block the ufetubus's attack. x2
The quokka bites you but does no damage.
The ufetubus hits you but does no damage. x2
Eustachio hits you with a +0 falchion.
* * * LOW HITPOINT WARNING * * *
The quokka bites you but does no damage.
Unknown command.
Unknown command.
You hit Eustachio but do no damage.
Eustachio is heavily wounded.
The ufetubus hits you but does no damage. x2
You block Eustachio's attack.
The quokka bites you but does no damage.
The ufetubus hits you but does no damage. x2
Unknown command.
Unknown command.
Unknown command.
You slash Eustachio!
Eustachio is severely wounded.
The ufetubus hits you but does no damage.
You block the ufetubus's attack. You block the quokka's attack.
Eustachio hits you with a +0 falchion!
* * * LOW HITPOINT WARNING * * *
The ufetubus hits you but does no damage. x2
The quokka bites you but does no damage.
Eustachio hits you with a +0 falchion.
You die...

........# #...###.>..
..#.....# #.# #....
...@.$..####.# #..#
#....##...####.#
#........r.....# #......##
........#.####....####......#.
######....# #r................
#.#### #r#).#####.......# #.
#@#.## #.......# .. ##5@.#
#.......# ..######.5.##
#........ .. ......#.##
##..... .........### #...#.#
...........## ###.#.#.<
........##..###........
................##.....
.........####...##.....


You could see Eustachio, a river rat (summoned), 2 ufetubi and a quokka
(summoned).

Vanquished Creatures
  An ice beast (D:4)
  An ogre (D:4)
  2 scorpions (D:5)
  2 orc priests
  A hound (D:4)
  An iguana (D:5)
  An orc wizard (D:4)
  4 adders
  3 dart slugs
  3 orcs
  6 ball pythons
  12 endoplasms
  7 giant cockroaches
  4 goblins
  9 hobgoblins
  3 jackals (D:2)
  5 quokkas
  4 bats
  3 frilled lizards (D:2)
  8 kobolds
  4 rats
  A spectral hobgoblin (D:2)
85 creatures vanquished.

Notes
Turn   | Place    | Note
-------+----------+-------------------------------------------
     0 | D:1      | siradein the Vampire Fighter began the quest for the Orb.
     0 | D:1      | Reached XP level 1. HP: 17/17 MP: 1/1
    90 | D:1      | Reached XP level 2. HP: 23/23 MP: 2/2
   179 | D:1      | Reached skill level 1 in Dodging
   487 | D:1      | Gained mutation: You are afflicted with vampirism and can
                  | become a bat while bloodless. [Vampire growth]
   487 | D:1      | Reached XP level 3. HP: 25/29 MP: 3/3
   759 | D:2      | Found a faded altar of an unknown god.
   800 | D:2      | Found a snail-covered altar of Cheibriados.
  1518 | D:3      | Reached XP level 4. HP: 29/35 MP: 4/4
  1707 | D:3      | Found Huat's Jewellery Emporium.
  1920 | D:3      | Reached XP level 5. HP: 30/41 MP: 5/5
  2673 | D:4      | Noticed an ogre
  2700 | D:4      | Killed an ogre
  2701 | D:4      | Reached XP level 6. HP: 20/48 MP: 6/6
  2987 | D:5      | Entered Level 5 of the Dungeon
  2987 | D:5      | Noticed an ice beast
  3011 | D:4      | Killed an ice beast
  3140 | D:5      | Reached XP level 7. HP: 36/55 MP: 7/7
  3222 | D:5      | Noticed Eustachio
  3281 | D:5      | HP: 2/55 [Eustachio/+0 falchion (8)]
  3281 | D:5      | Slain by Eustachio

Illustrated notes

Levels and vault maps discovered:
D:1:      dpeg_arrival_pits, layout_rooms
D:2:      layout_loops_ring, dreamdust_ecumenical_altar_drowned_temple,
          basic_altar
D:3:      layout_rooms, serial_shops, nicolae_shop_behind_doors,
          minmay_quantized
D:4:      layout_loops_ring
D:5:      layout_rooms, minmay_temple_entry_tees, gammafunk_ghost_smash,
          hangedman_abyss_or_decor_lesser_grid, serial_bayou_pond_b,
          corexii_corridor_pit, uniq_blork_the_orc, uniq_eustachio

Skill      XL: |  1  2  3  4  5  6 |
---------------+-------------------+-----
Dodging        | 1 2 3 |  3.8
Fighting       | 3 4 |  4.3
Shields        | 3 4 |  4.3
Long Blades    | 3 4 |  4.1
Armour         | |  2.6

Action                   |  1- 3 |  4- 6 |  7- 9 || total
-------------------------+-------+-------+-------++-------
Melee: Long sword        |   134 |   154 |    37 ||   325
       Bite              |     7 |    21 |     1 ||    29
Throw: Dart              |       |     3 |       ||     3
  Use: Scroll            |       |     4 |       ||     4
Armor: Scale mail        |    13 |       |       ||    13
       Leather armour    |    34 |       |       ||    34
       Ring mail         |     3 |    34 |       ||    37
       Gold dragon scale |       |    27 |    61 ||    88
       Skin              |       |       |    13 ||    13
Dodge: Dodged            |    67 |    42 |       ||   109
Block: Buckler           |    32 |    41 |    44 ||   117

Table legend: (Time is in decaauts)
 A = Elapsed time spent in this place.
 B = Non-inter-level travel time spent in this place.
 C = Inter-level travel time spent in this place.
 D = Time resting spent in this place.
 E = Time spent auto-exploring this place.
 F = Levels seen in this place.
 G = Mean time per level.
                   A        B        C        D        E       F      G
               +--------+--------+--------+--------+--------+-----+--------+
         Total |   3384 |   3316 |     68 |    333 |   2069 |   5 |  676.8 |
       Dungeon |   3384 |   3316 |     68 |    333 |   2069 |   5 |  676.8 |
               +--------+--------+--------+--------+--------+-----+--------+

Top non-repeatable levels by time:
     D:4: 950 daAuts
     D:2: 848 daAuts
     D:1: 702 daAuts
     D:3: 654 daAuts
     D:5: 228 daAuts
